 Dungeon Crawl Stone Soup version 0.27-a0-1036-g8e1b44f6bd (webtiles) character file.

Game seed: 6055868360768803930

86 siradein the Slasher (level 4, -9/35 HPs)
             Began as a Demonspawn Fighter on Apr 18, 2021.
             Killed by divine providence
             ... invoked by an orc priest
              (11 damage)
             ... on level 3 of the Dungeon.
             The game lasted 00:01:57 (1409 turns).

siradein the Slasher (Demonspawn Fighter)           Turns: 1409, Time: 00:01:57

Health: -9/35      AC:  7    Str: 16    XL:     4   Next: 26%
Magic:  4/4        EV:  9    Int:  9    God:
Gold:   188        SH:  6    Dex: 14    Spells: 3/3 levels left

rFire    . . .     SeeInvis .   a - +0 long sword
rCold    . . .     Faith    .   e - +2 buckler
rNeg     . . .     Spirit   .   b - +0 scale mail
rPois    .         Reflect  .   (no helmet)
rElec    .         Harm     .   j - +0 cloak
rCorr    .         Rampage  .   (no gloves)
Will     .....                  (no boots)
Stlth    ..........             (no amulet)
HPRegen  0.11/turn              (no ring)
MPRegen  0.09/turn              (no ring)

@: no status effects
A: talons 1, demonic magic 1
a: no special abilities


You were on level 3 of the Dungeon.
You visited 1 branch of the dungeon, and saw 3 of its levels.

You collected 188 gold pieces.

Inventory:

Hand Weapons
 a - a +0 long sword (weapon)
Armour
 b - a +0 scale mail (worn)
 e - a +2 buckler (worn)
 j - a +0 cloak (worn)
Scrolls
 f - a scroll of identify {unknown}
 g - a scroll of blinking {unknown}
 i - a scroll of summoning {unknown}
 l - a scroll of silence {unknown}
Potions
 c - 3 potions of curing {unknown}
 d - a potion of might
 h - a potion of degeneration {unknown}
 k - a potion of heal wounds {unknown}


   Skills:
 - Level 3.0 Fighting
 + Level 4.2 Long Blades
 - Level 2.6 Armour
 - Level 2.6 Shields


You had 3 spell levels left.
You didn't know any spells.
Your spell library was empty.

Dungeon Overview and Level Annotations

Branches:
Dungeon (3/15)

Altars:


Innate Abilities, Weirdness & Mutations

You have sharp toenails.
Spells you cast may paralyse adjacent enemies.


Message History

You closely miss the orc wizard.
The orc wizard is almost dead.
The orc wizard points at you and mumbles some strange words.
The puff of flame hits you.
You hit the orc wizard but do no damage.
You claw the orc wizard.
You kill the orc wizard!
Your Long Blades skill increases to level 4!
You have reached level 4!
You feel agile.
Your demonic ancestry asserts itself...
A menacing aura infuses your magic.
You hit the orc.
The orc is moderately wounded.
The orc hits you with a +0 dagger. The orc hits you but does no damage.
You are too injured to fight recklessly!
You are too injured to fight recklessly!
You are too injured to fight recklessly!
You closely miss the orc. You claw the orc, but do no damage.
The orc is moderately wounded.
The orc completely misses you.
You riposte.
You closely miss the orc.
The orc is moderately wounded.
You hit the orc. Your kick misses the orc.
The orc is heavily wounded.
The orc hits you with a +0 dagger.
You hit the orc.
The orc is severely wounded.
The orc priest looks braver for a moment.
You block the orc's attack.
You barely miss the orc.
The orc is severely wounded.
The orc barely misses you.
You riposte.
You hit the orc but do no damage.
The orc is severely wounded.
You hit the orc.
You kill the orc!
The orc priest mumbles some strange prayers to Beogh against you.
Beogh smites you!
* * * LOW HITPOINT WARNING * * *
The orc priest mumbles some strange prayers to Beogh against you.
Beogh smites you!
You die...

......#.##.#
##.##
###.###.##.#
#.#
..#.###.##.#
#.#
#....#...#.#
#.#
...#.....#.#
#.#
#....#...#.#
#.#
..#.######(#
#.# .....# #.#
..#..# #@#
#.#..# #o#
.....# #.#
#.##.# #.#
..##.# #o# #
..## #o#
.......######.#
####(...oo....#
#...########


You could see an orc priest and 2 orcs.

Vanquished Creatures
  An orc wizard (D:3)
  2 adders (D:2)
  2 dart slugs (D:2)
  An orc (D:3)
  2 ball pythons
  2 endoplasms
  2 giant cockroaches
  7 goblins
  4 hobgoblins
  3 quokkas
  3 bats (D:1)
  4 frilled lizards
  2 kobolds
  4 rats
39 creatures vanquished.

Notes
Turn   | Place    | Note
-------+----------+-------------------------------------------
     0 | D:1      | siradein the Demonspawn Fighter began the quest for the
                  | Orb.
     0 | D:1      | Reached XP level 1. HP: 18/18 MP: 1/1
    66 | D:1      | Reached skill level 2 in Long Blades
   241 | D:1      | Gained mutation: You have sharp toenails. [demonic
                  | ancestry]
   241 | D:1      | Reached XP level 2. HP: 22/24 MP: 2/2
   760 | D:2      | Reached skill level 3 in Long Blades
   953 | D:2      | Reached XP level 3. HP: 29/29 MP: 3/3
  1395 | D:3      | Reached skill level 4 in Long Blades
  1395 | D:3      | Gained mutation: Spells you cast may paralyse adjacent
                  | enemies. [demonic ancestry]
  1395 | D:3      | Reached XP level 4. HP: 20/35 MP: 4/4
  1402 | D:3      | HP: 1/35 [orc priest/divine providence (14)]
  1409 | D:3      | Killed from afar by an orc priest

Illustrated notes

Levels and vault maps discovered:
D:1:      dpeg_arrival_ternary, layout_rooms, amcnicky_mini_corridor_feature,
          kennysheep_crisscross
D:2:      layout_rooms, minmay_tiny_reverse_x
D:3:      layout_loops_ring, ebering_ecumenical_altar_webs

Skill      XL: |  1  2  3 |
---------------+----------+-----
Long Blades    | 2 3 4 |  4.2
Fighting       | |  3.0
Armour         | |  2.6
Shields        | |  2.6

Action                   |  1- 3 |  4- 6 || total
-------------------------+-------+-------++-------
Melee: Long sword        |    86 |     6 ||    92
       Kick              |    17 |     1 ||    18
Armor: Scale mail        |    36 |     1 ||    37
Dodge: Dodged            |    44 |     2 ||    46
Block: Buckler           |    32 |     1 ||    33
       Rpst.: Long sword |    15 |     2 ||    17

Table legend: (Time is in decaauts)
 A = Elapsed time spent in this place.
 B = Non-inter-level travel time spent in this place.
 C = Inter-level travel time spent in this place.
 D = Time resting spent in this place.
 E = Time spent auto-exploring this place.
 F = Levels seen in this place.
 G = Mean time per level.
                   A        B        C        D        E       F      G
               +--------+--------+--------+--------+--------+-----+--------+
         Total |   1435 |   1414 |     21 |     71 |   1057 |   3 |  478.3 |
       Dungeon |   1435 |   1414 |     21 |     71 |   1057 |   3 |  478.3 |
               +--------+--------+--------+--------+--------+-----+--------+

Top non-repeatable levels by time:
     D:2: 762 daAuts
     D:1: 556 daAuts
     D:3: 117 daAuts
